AoeStats
← Harvey Birdman

Black Forest

507251954Analyzed
4v4 RM · 16d ago on Sep 17, 2026· 42m 4s· 8 players
Game mode
Random Map
Map size
Large (8 player)
Population
200
Speed
Normal
Resources
Standard
Victory
Conquest
Starting age
Dark Age
Ending age
Imperial Age
RankedLock teamsTeams togetherTeam positionsShared explorationLock speedFull tech treeHidden civsTurbo modeCheats
Victory
Defeat
🇫🇷 Malians · France
1145
+15
🇦🇱 Spanish · Albania
1124
+16
🇮🇳 Teutons · India
1113
+17
🇮🇳 Japanese · India
1096
+17
🇦🇺 Lithuanians · Australia
1174
-17
🇦🇺 Celts · Australia
1161
-18
🇦🇺 Bohemians · Australia
1087
-15
🇦🇺 Inca · Australia
1085
-15
_GeeK_
12:27 Feudal Age
16:23 Castle Age
14:28 Double-Bit Axe
15:27 Horse Collar
16:13 Fishing Lines
17:50 Bow Saw
19:21 Heavy Plow
23:13 Wheelbarrow
23:58 Gold Mining
24:55 Stone Mining
26:11 Hand Cart
29:15 Imperial Age
26:32 Loom
26:33 Town Watch
27:54 Scale Barding Armor
28:40 Forging
29:45 Chain Barding Armor
30:02 Iron Casting
29:35 Caravan
29:29 Cavalier
31:04 Plate Barding Armor
30:52 Conscription
32:07 Chemistry
32:10 Blast Furnace
31:01 Fletching
30:55 Paladin
31:47 Bloodlines
32:08 Siege Engineers
32:27 Ballistics
31:58 Guard Tower
33:29 Stone Shaft Mining
33:55 Two-Man Saw
33:27 Crop Rotation
33:29 Bodkin Arrow
33:36 Padded Archer Armor
34:21 Crenellations
34:57 Scale Mail Armor
35:32 Coinage
36:40 Leather Archer Armor
36:42 Chain Mail Armor
37:05 Hoardings
37:45 Banking
40:06 Ring Archer Armor
40:08 Plate Mail Armor
41:02 Keep
40:39 Masonry
40:41 Fortified Wall
40:52 Bombard Tower
41:12 Guilds
insaneBestar
1:15 Loom
16:00 Feudal Age
20:20 Castle Age
19:53 Double-Bit Axe
29:16 Wheelbarrow
28:28 Town Watch
32:46 Imperial Age
30:33 Hand Cart
30:52 Fortified Wall
30:56 Scale Barding Armor
31:01 Forging
31:10 Bow Saw
31:40 Horse Collar
32:16 Husbandry
32:27 Bloodlines
33:11 Chain Barding Armor
33:27 Iron Casting
32:54 Cavalier
35:00 Town Watch
36:21 Blast Furnace
36:15 Plate Barding Armor
37:49 Conscription
37:52 Paladin
39:01 Heavy Plow
Ghajini
1:27 Loom
11:26 Feudal Age
16:10 Castle Age
14:08 Horse Collar
14:43 Double-Bit Axe
23:19 Wheelbarrow
23:45 Bow Saw
23:35 Heavy Plow
24:42 Heavy Plow
26:00 Hand Cart
30:42 Imperial Age
28:37 Scale Mail Armor
28:48 Forging
28:53 Pikeman
28:57 Man-at-Arms
31:07 Chain Mail Armor
30:14 Long Swordsman
30:49 Halberdier
31:50 Squires
31:12 Two-Handed Swordsman
33:33 Two-Man Saw
33:05 Conscription
34:29 Champion
35:50 Plate Mail Armor
36:33 Gold Mining
37:52 Kataparuto
37:48 Town Watch
41:12 Iron Casting
41:19 Coinage
41:18 Yasama
Rpt
1:43 Loom
12:29 Feudal Age
13:55 Stone Mining
16:26 Castle Age
15:06 Double-Bit Axe
19:06 Horse Collar
20:22 Forging
20:13 Scale Mail Armor
25:09 Chain Mail Armor
28:47 Wheelbarrow
32:53 Imperial Age
31:21 Fishing Lines
32:27 Heavy Plow
32:41 Bow Saw
33:57 Elite Gbeto
34:57 Conscription
36:31 Stone Shaft Mining
Scythian Wild Woman
5:06 Loom
12:01 Feudal Age
14:01 Double-Bit Axe
16:44 Castle Age
19:27 Horse Collar
22:38 Wheelbarrow
21:48 Town Watch
28:11 Fletching
36:55 Scale Mail Armor
Harvey Birdman
1:36 Loom
15:08 Feudal Age
16:50 Town Watch
23:24 Double-Bit Axe
23:23 Horse Collar
23:30 Horse Collar
25:53 Castle Age
25:09 Arson
31:25 Squires
32:02 Champi Runner
33:00 Forging
32:51 Scale Mail Armor
36:15 Imperial Age
35:39 Wheelbarrow
36:21 Chain Mail Armor
36:41 Iron Casting
37:11 Heavy Plow
37:22 Bow Saw
38:59 Fabric Shields
39:57 Elite Kamayuk
Necandum
3:19 Loom
13:47 Feudal Age
15:30 Double-Bit Axe
18:02 Castle Age
16:43 Horse Collar
19:49 Bow Saw
20:02 Heavy Plow
23:14 Scale Mail Armor
24:27 Wheelbarrow
25:51 Forging
32:43 Imperial Age
30:34 Hand Cart
29:55 Pikeman
33:25 Halberdier
34:22 Chain Mail Armor
35:42 Chemistry
35:26 Iron Casting
36:38 Plate Mail Armor
37:10 Houfnice
41:22 Blast Furnace
Houseington
11:50 Feudal Age
12:36 Double-Bit Axe
15:54 Castle Age
13:47 Horse Collar
16:31 Fletching
18:02 Bow Saw
21:51 Wheelbarrow
21:38 Fishing Lines
23:12 Scale Barding Armor
23:54 Forging
24:25 Bloodlines
25:36 Gillnets
25:41 Horse Collar
28:07 Hand Cart
27:38 Town Watch
29:25 Husbandry
32:55 Imperial Age
30:11 Loom
31:19 Iron Casting
32:00 Heavy Plow
32:17 Gold Mining
32:18 Stone Mining
33:04 Chain Barding Armor
34:01 Conscription
33:23 Cavalier
36:28 Elite Leitis
37:45 Plate Barding Armor
Connection lost

Rejoining the realm…

Still unreachable

The connection could not be restored.

Session expired

The server has moved on; the page needs a fresh start.